 Dungeon Sprint DCSS version 0.29-a0-1033-gb6c65ffae6 (webtiles) character file.

Game seed: 9504726273899237124

2662 mhtbhm the Eclecticist (level 9, -2/47 HPs)
             Began as a Deep Elf Fire Elementalist on Aug 14, 2022.
             Was an Elder of Vehumet.
             Slain by a redback (16 damage)
             ... in the Dungeon (Sprint III: "The Ten Rune Challenge").
             The game lasted 00:03:08 (1438 turns).

mhtbhm the Eclecticist (Deep Elf Fire Elementalist) Turns: 1438, Time: 00:03:08

Health: -2/47      AC:  3    Str:  5    XL:     9   Next: 36%
Magic:  16/32      EV: 15    Int: 23    God:    Vehumet [****..]
Gold:   26         SH:  0    Dex: 19    Spells: 30/43 levels left

rFire   + . .      SeeInvis .   j - +3 quarterstaff (chaos)
rCold   . . .      Faith    .   (shield currently unavailable)
rNeg    . . .      Spirit   .   a - +0 robe
rPois   .          Reflect  .   (no helmet)
rElec   .          Harm     .   i - +0 cloak {Stlth+}
rCorr   .          Rampage  .   (no gloves)
Will    .....      NoTele   +   (no boots)
Stlth   +++++.....              (no amulet)
HPRegen 0.15/turn               (no ring)
MPRegen 0.23/turn               (no ring)

@: no status effects
A: talons 1, thin skeletal structure 1, fire resistance 1
a: Renounce Religion


You were in the Dungeon.
You worshipped Vehumet.
Vehumet was greatly pleased with you.
You visited 1 branch You collected 26 gold pieces.

Inventory:

Hand Weapons
 j - a +3 quarterstaff of chaos (weapon)
Missiles
 h - 3 poisoned darts (quivered)
Armour
 a - a +0 robe (worn)
 i - a +0 cloak of stealth (worn)
Scrolls
 g - a scroll of blinking
 k - a scroll of torment {unknown}
 l - 2 scrolls of identify {unknown}
 n - a scroll of immolation {unknown}
Potions
 b - 3 potions of magic
 c - 2 potions of curing
 d - a potion of heal wounds
 e - a potion of haste
 f - 3 potions of berserk rage
 m - a potion of degeneration {unknown}
 o - 2 potions of flight
 p - 4 potions of mutation
 q - a potion of might
Miscellaneous
 r - a condenser vane


   Skills:
 + Level 1.1 Fighting
 + Level 5.8 Dodging
 + Level 6.1 Stealth
 + Level 17.6 Spellcasting
 + Level 4.7 Conjurations
 + Level 16.4 Fire Magic
 + Level 0.9 Evocations


You had 30 spell levels left.
You knew the following spells:

 Your Spells              Type           Power      Damage    Failure   Level
a - Foxfire               Conj/Fire      100%       2x1d9     1%          1
b - Scorch                Fire           100%       2d10      0%          2
c - Conjure Flame         Conj/Fire      62%        6-21      1%          3
d - Inner Flame           Hex/Fire       55%        N/A       1%          3
e - Flame Wave            Conj/Fire      62%        2d14      1%          4

Your spell library contained the following spells:

 Spells                   Type           Power      Damage    Failure   Level
 Olgreb's Toxic Radiance  Pois           20%        N/A       7%          4
 Fulminant Prism          Conj/Hex       15%        3d11      2%          4
 Iskenderun's Mystic Bla  Conj/Tloc      31%        2d8       2%          4
 Gell's Gravitas          Tloc           20%        N/A       8%          3
 Lesser Beckoning         Tloc           20%        N/A       8%          3
 Teleport Other           Tloc           20%        N/A       8%          3
 Lee's Rapid Deconstruct  Erth           10%        3d9*      19%         5


Dungeon Overview and Level Annotations

Branches:
Dungeon (1/1)

Altars:
Cheibriados
Dithmenos
Elyvilon
Fedhas
Gozag
Hepliaklqana
Kikubaaqudgha
Makhleb
Nemelex Xobeh
Okawaru
Qazlal
Ru
Sif Muna
Trog
Uskayaw
Vehumet
Wu Jian
Xom
Yredelemnul
Zin
The Shining One
Jiyva
Lugonu


Innate Abilities, Weirdness & Mutations

You have sharp toenails.
You have a somewhat thin skeletal structure. (Dex +2, Stealth+)
Your flesh is heat resistant. (rF+)


Message History

You feel clever. x2
Casting: Flame Wave (safe; 1% risk of failure)
Confirm with . or Enter, or press ? or * to list all spells.
Flames lash the two-headed ogre.
The two-headed ogre is burned terribly!
The two-headed ogre is severely wounded.
A redback comes into view.
The two-headed ogre hits you with a +0 giant club!!
The two-headed ogre closely misses you.
Casting: Scorch (safe; 0% risk of failure)
Confirm with . or Enter, or press ? or * to list all spells.
Casting: Flame Wave (safe; 1% risk of failure)
Press: ? - help, Dir - look around, f - activate A wave of flame ripples out!
The flame wave engulfs the two-headed ogre!!
The two-headed ogre is burned terribly!
You kill the two-headed ogre!
Vehumet accepts your kill. (Press . to intensify the flame waves.)
The redback bites you!
Your Fighting skill increases to level 1!
Your Spellcasting skill increases to level 17!
Your Fire Magic skill increases to level 16!
Unknown command.
A wave of flame ripples out!
The flame wave engulfs the redback!
You kill the redback!
Vehumet accepts your kill.
Vehumet is now extending the range of your destructive spells.
You feel your power returning.
Unknown command.
You start resting.
A redback comes into view.
Casting: Flame Wave (safe; 1% risk of failure)
Confirm with . or Enter, or press ? or * to list all spells.
Flames lash the redback.
The redback is heavily wounded.
The redback's fire resistance burns away.
The redback bites you.
* * * LOW HITPOINT WARNING * * *
The redback bites you!
You die...

__# ._# )## ..#
..# #'#
..#+##############
§.#....#)#.#.....#
..##.#.)#.##.###@#
..'##.#.#.##)#.s##
..#...#..#..##..
▓▓▓▓▓▓▓▓▓▓▓▓▓▓▓▓


You could see a redback (combustible).

Vanquished Creatures
  Erolcha (D)
  A deep elf pyromancer (D)
  A shadow (D)
  A redback (D)
  A spatial vortex (D)
  4 two-headed ogres (D)
  A necrophage (D)
  A water elemental (D)
  Crazy Yiuf (D)
  A jelly (D)
  Jessica (D)
  A wizard (D)
  A necromancer (D)
  3 humans (D)
  A kobold demonologist (D)
  An endoplasm (D)
  2 rats (D)
23 creatures vanquished.

Vanquished Creatures (others)
  13 foxfires (D)
13 creatures vanquished.

Grand Total: 36 creatures vanquished

Notes
Turn   | Place    | Note
-------+----------+-------------------------------------------
     0 | D        | mhtbhm the Deep Elf Fire Elementalist began the quest for
                  | the Orb.
     0 | D        | Reached XP level 1. HP: 10/10 MP: 6/6
    55 | D        | Noticed Jessica
    60 | D        | Killed Jessica
    61 | D        | Reached skill level 4 in Spellcasting
    61 | D        | Reached skill level 5 in Fire Magic
    61 | D        | Reached XP level 2. HP: 15/15 MP: 4/9
    61 | D        | Reached XP level 3. HP: 19/19 MP: 4/11
    66 | D        | Learned a level 2 spell: Scorch
    70 | D        | Learned a level 3 spell: Conjure Flame
    74 | D        | Learned a level 3 spell: Inner Flame
   134 | D        | Reached skill level 5 in Spellcasting
   229 | D        | Noticed Crazy Yiuf
   232 | D        | Killed Crazy Yiuf
   233 | D        | Reached XP level 4. HP: 10/24 MP: 5/13
   314 | D        | Learned a level 4 spell: Flame Wave
   427 | D        | Gained mutation: You have a somewhat thin skeletal
                  | structure. (Dex +2, Stealth+) [potion of mutation]
   427 | D        | Gained mutation: Your flesh is heat resistant. (rF+)
                  | [potion of mutation]
   427 | D        | Gained mutation: You have sharp toenails. [potion of
                  | mutation]
   430 | D        | Noticed a water elemental
   435 | D        | Killed a water elemental
   436 | D        | Reached skill level 7 in Spellcasting
   576 | D        | Found a radiant altar of Vehumet.
   576 | D        | Noticed a wizard
   578 | D        | Killed a wizard
   579 | D        | Reached XP level 5. HP: 25/28 MP: 12/17
   583 | D        | Reached skill level 8 in Spellcasting
   583 | D        | Found a shimmering blue altar of Sif Muna.
   583 | D        | Found an ancient bone altar of Kikubaaqudgha.
   593 | D        | Became a worshipper of Vehumet
   649 | D        | Found a basalt altar of Yredelemnul.
   649 | D        | Found a shadowy altar of Dithmenos.
   649 | D        | Found a sacrificial altar of Ru.
   656 | D        | Reached skill level 9 in Spellcasting
   656 | D        | Reached skill level 10 in Fire Magic
   719 | D        | Found a glowing silver altar of Zin.
   719 | D        | Found a glowing golden altar of the Shining One.
   719 | D        | Found a white marble altar of Elyvilon.
   719 | D        | Noticed a deep elf pyromancer
   722 | D        | Killed a deep elf pyromancer
   722 | D        | Reached * piety under Vehumet
   722 | D        | Offered knowledge of Magic Dart by Vehumet.
   723 | D        | Reached skill level 5 in Dodging
   723 | D        | Reached skill level 5 in Stealth
   723 | D        | Reached skill level 12 in Spellcasting
   723 | D        | Reached XP level 6. HP: 32/32 MP: 13/23
   723 | D        | Reached XP level 7. HP: 36/36 MP: 13/24
   784 | D        | Found a hide-covered altar of Uskayaw.
   784 | D        | Found an iron altar of Okawaru.
   784 | D        | Found a bloodstained altar of Trog.
   784 | D        | Found an ornate altar of the Wu Jian Council.
   784 | D        | Noticed a human
   784 | D        | Noticed a human
   786 | D        | Killed a human
   787 | D        | Reached skill level 13 in Spellcasting
   788 | D        | Killed a human
   886 | D        | Noticed a shadow
   889 | D        | Killed a shadow
   889 | D        | Offered knowledge of Shock by Vehumet.
   889 | D        | Reached ** piety under Vehumet
   890 | D        | Reached XP level 8. HP: 41/41 MP: 20/27
   891 | D        | Reached skill level 14 in Spellcasting
   942 | D        | Found a blossoming altar of Fedhas.
   942 | D        | Found a stormy altar of Qazlal.
   942 | D        | Found a snail-covered altar of Cheibriados.
   942 | D        | Found a burning altar of Makhleb.
   942 | D        | Found a shimmering altar of Xom.
   943 | D        | Found a hazy altar of Hepliaklqana.
   943 | D        | Found an opulent altar of Gozag.
   943 | D        | Found a sparkling altar of Nemelex Xobeh.
   943 | D        | Found a corrupted altar of Lugonu.
   943 | D        | Found a viscous altar of Jiyva.
  1169 | D        | Offered knowledge of Dazzling Flash by Vehumet.
  1171 | D        | Reached *** piety under Vehumet
  1284 | D        | Noticed a two-headed ogre
  1289 | D        | Killed a two-headed ogre
  1290 | D        | Reached skill level 15 in Spellcasting
  1290 | D        | Reached skill level 15 in Fire Magic
  1427 | D        | Noticed a two-headed ogre
  1427 | D        | Noticed Erolcha
  1432 | D        | Killed Erolcha
  1432 | D        | Offered knowledge of Olgreb's Toxic Radiance by Vehumet.
  1433 | D        | Reached skill level 16 in Spellcasting
  1433 | D        | Reached XP level 9. HP: 46/46 MP: 23/31
  1434 | D        | Killed a two-headed ogre
  1435 | D        | Reached skill level 1 in Fighting
  1435 | D        | Reached skill level 17 in Spellcasting
  1435 | D        | Reached **** piety under Vehumet
  1438 | D        | Slain by a redback

Illustrated notes

Levels and vault maps discovered:
D:        dungeon_sprint_mu [sprint_mu_entry_cave, sprint_mu_temple_rooms,
          sprint_mu_d1_spiders, sprint_mu_d2_genie, sprint_mu_d3_branching,
          sprint_mu_orc_legion, sprint_mu_elf_gauntlet, sprint_mu_hive_nellie,
          sprint_mu_lair_fedhas, sprint_mu_vaults_butterflies,
          sprint_mu_slime_circle, sprint_mu_swamp_cave, sprint_mu_snake_twists,
          sprint_mu_blade_basic, sprint_mu_crypt_fortress,
          sprint_mu_tomb_spiral, sprint_mu_vestibule_basic,
          sprint_mu_gehenna_hellfire, sprint_mu_dis_giant,
          sprint_mu_tartarus_statrot, sprint_mu_cocytus_islands, sprint_mu_zot1]

Skill      XL: |  1  2  3  4  5  6  7  8  9 |
---------------+----------------------------+-----
Fire Magic     | 5 7 9 12 14 15 16 | 16.4
Dodging        | 3 4 5 |  5.8
Stealth        | 3 4 5 6 |  6.1
Spellcasting   | 4 5 7 12 13 16 17 | 17.6
Conjurations   | 2 3 4 |  4.7
Fighting       | 1 |  1.1
Evocations     | |  0.9

Action                   |  1- 3 |  4- 6 |  7- 9 || total
-------------------------+-------+-------+-------++-------
 Cast: Foxfire           |     9 |       |     1 ||    10
       Scorch            |     5 |    13 |    12 ||    30
       Flame Wave        |       |     1 |     8 ||     9
Evoke: Condenser vane    |       |       |     1 ||     1
  Use: Potion            |       |     1 |       ||     1
Armor: Robe              |       |     1 |     1 ||     2
Dodge: Dodged            |     1 |     1 |     7 ||     9

Table legend: (Time is in decaauts)
 A = Elapsed time spent in this place.
 B = Non-inter-level travel time spent in this place.
 C = Inter-level travel time spent in this place.
 D = Time resting spent in this place.
 E = Time spent auto-exploring this place.
 F = Levels seen in this place.
 G = Mean time per level.
                   A        B        C        D        E       F      G
               +--------+--------+--------+--------+--------+-----+--------+
         Total |   1437 |   1437 |      0 |   1114 |     24 |   1 | 1437.0 |
       Dungeon |   1437 |   1437 |      0 |   1114 |     24 |   1 | 1437.0 |
               +--------+--------+--------+--------+--------+-----+--------+

Top non-repeatable levels by time:
       D: 1437 daAuts
